 Dungeon Crawl Stone Soup version 0.17-a0-1909-g0b14330 (webtiles) character file.

156 Oddball22 the Ducker (level 5, -2/40 HPs)
             Began as a Demonspawn Artificer on Sept 25, 2015.
             Succumbed to an orange demon's poison
             ... on level 1 of the Abyss.
             The game lasted 00:06:12 (2257 turns).

Oddball22 the Ducker (Demonspawn Artificer)         Turns: 2257, Time: 00:06:12

Health: -2/40      AC:  4    Str: 12    XL:     5   Next: 14%
Magic:  7/7        EV: 13    Int: 13    God:
Gold:   176        SH:  0    Dex: 14    Spells: 0 memorised, 4 levels left

rFire  . . .     SeeInvis .     v - +2 war axe (freeze)
rCold  . . .     Clarity  .     b - +0 leather armour
rNeg   . . .     SustAt   .     (no shield)
rPois  .         Gourm    .     (no helmet)
rElec  .         Spirit   .     k - +0 cloak
rCorr  .         Warding  .     (no gloves)
rMut   .         Stasis   .     (no boots)
MR     .....                    (no amulet)
Stlth  +.........               (no ring)
                                (no ring)

@: lethally poisoned (-2 -> -49), weakened, not resistant to hostile
enchantments, very unstealthy
A: spiny 2
a: no special abilities


You were on level 1 of the Abyss.
You were not hungry.

You visited 1 branch of the dungeon, and saw 3 of its levels.
You visited the Abyss 1 time.

You collected 176 gold pieces.

Inventory:

Hand weapons
 a - a +0 short sword
 p - a +2 whip of distortion
 v - a +2 war axe of freezing (weapon)
Armour
 b - a +0 leather armour (worn)
 k - a +0 cloak (worn)
 q - a +0 shield
Magical devices
 c - a wand of flame (15)
 d - a wand of enslavement (15)
 e - a wand of random effects (15)
Scrolls
 i - a scroll of fear {unknown}
 m - 3 scrolls of remove curse {unknown}
 n - a scroll of recharging {unknown}
 o - 3 scrolls of magic mapping {unknown}
 r - a scroll of blinking {unknown}
 t - 2 scrolls of enchant armour {unknown}
 u - a scroll of identify {unknown}
Potions
 j - a potion of degeneration {unknown}
 s - a potion of lignification {unknown}
Comestibles
 f - 3 bread rations
 g - a meat ration
 h - a chunk of flesh
 l - a beef jerky


   Skills:
 + Level 2.8 Fighting
 - Level 0.8 Short Blades
 * Level 3.9 Dodging
 - Level 0.8 Stealth
 - Level 3.4 Evocations


You had 4 spell levels left.
You didn't know any spells.

Dungeon Overview and Level Annotations

Branches:
Dungeon (3/15)

Altars:


Innate Abilities, Weirdness & Mutations

You are mostly covered in sharp spines.


Message History

An orange demon comes into view.
The orange demon stings you.
You are poisoned.
The orange demon poisons you!
You feel your attacks grow feeble. The orange demon barely misses you.
You feel very sick. The orange demon barely misses you.
A starcursed mass comes into view.
You feel sick.
A starcursed mass splits.
The orange demon barely misses you. The small abomination hits you!
* * * LOW HITPOINT WARNING * * *
* * * LOW HITPOINT WARNING * * *
You feel sick. The orange demon stings you from afar!
* * * LOW HITPOINT WARNING * * *
You are more poisoned.
The orange demon poisons you!
You feel as though you will be weak longer.
An apocalypse crab comes into view.
You die...

# ## #. #. .##
#. # .. #.#.#.
#.#..#.t #
#...#.#
#.####@#.#
#.......#
###.x#..# ..##
#..#..4.##....
#...#.##....
##..#X# #.X.#
.. ####.#
#...# ... #4#
#...# .....
#.# #...####
...


You could see an orange demon and a small abomination.

Vanquished Creatures
  A crimson imp (D:3)
  Jessica (D:2)
  An orc wizard (D:3)
  2 adders (D:3)
  An ooze (D:1)
  A worm (D:2)
  3 giant geckos (D:2)
  An orc (D:3)
  13 bats
  4 giant cockroaches
  3 hobgoblins (D:1)
  3 jackals (D:1)
  A ball python (D:1)
  2 giant newts
  3 goblins
  3 kobolds
  A quokka (D:2)
  4 rats
48 creatures vanquished.

Notes
Turn   | Place    | Note
--------------------------------------------------------------
     0 | D:1      | Oddball22 the Demonspawn Artificer began the quest for the Orb.
     0 | D:1      | Reached XP level 1. HP: 15/15 MP: 3/3
   346 | D:1      | Gained mutation: You are partially covered in sharp spines. [demonic ancestry]
   346 | D:1      | Reached XP level 2. HP: 15/21 MP: 4/4
  1146 | D:1      | Reached XP level 3. HP: 27/27 MP: 5/5
  1420 | D:2      | Noticed Jessica
  1429 | D:2      | Killed Jessica
  1517 | D:2      | Reached XP level 4. HP: 33/33 MP: 6/6
  2112 | D:3      | Gained mutation: You are mostly covered in sharp spines. [demonic ancestry]
  2112 | D:3      | Reached XP level 5. HP: 23/40 MP: 7/7
  2122 | D:3      | Cast into the Abyss (a distortion unwield)
  2226 | Abyss:1  | Noticed an orange demon
  2236 | Abyss:1  | Noticed a large abomination
  2253 | Abyss:1  | Noticed an orange demon
  2255 | Abyss:1  | Noticed a starcursed mass
  2256 | Abyss:1  | HP: 2/40 [orange demon (9)]
  2257 | Abyss:1  | Noticed an apocalypse crab
  2257 | Abyss:1  | Succumbed to an orange demon's poison

Vault maps used:
D:1:      lightli_arrival_statue_moat, minmay_misc_feat_ornament
D:2:      uniq_jessica
D:3:      minivault_27, guppyfry_early_orc_mine

Action                   |  1- 3 |  4- 6 || total
-------------------------+-------+-------++-------
Melee: Short sword       |    65 |       ||    65
       Whip              |     1 |    24 ||    25
 Stab: Sleeping          |       |     1 ||     1
  Eat: Chunk             |     2 |     2 ||     4
